AoeStats
← PUNISHER

Arena

509942250Analyzed
1v1 RM · 4d ago on Sep 28, 2026· 42m 2s· 2 players
Game mode
Random Map
Map size
Tiny (2 player)
Population
200
Speed
Normal
Resources
Standard
Victory
Conquest
Starting age
Dark Age
Ending age
Imperial Age
RankedLock teamsTeams togetherTeam positionsShared explorationLock speedFull tech treeHidden civsTurbo modeCheats
Victory
Defeat
🇹🇷 Byzantines · Türkiye
863
+18
🇺🇸 Japanese · United States
899
-51
PUNISHER
5:00 Loom
10:05 Feudal Age
10:36 Double-Bit Axe
18:16 Castle Age
16:47 Horse Collar
18:00 Stone Mining
19:14 Wheelbarrow
19:50 Gold Mining
21:43 Arson
23:48 Fervor
25:11 Forging
24:52 Fletching
25:09 Scale Barding Armor
28:14 Gold Shaft Mining
28:21 Murder Holes
29:41 Iron Casting
29:05 Bodkin Arrow
29:46 Iron Casting
29:13 Treadmill Crane
30:56 Hand Cart
30:53 Squires
34:18 Imperial Age
32:17 Husbandry
33:07 Chain Barding Armor
35:11 Sanctity
37:44 Logistica
38:40 Bow Saw
39:09 Conscription
39:25 Hoardings
40:06 Chemistry
40:31 Elite Cataphract
42:39 Plate Barding Armor
42:05 Bracer
GlobalHawk
10:28 Feudal Age
9:52 Loom
10:54 Double-Bit Axe
10:50 Horse Collar
17:32 Castle Age
16:42 Forging
16:34 Scale Mail Armor
17:23 Fletching
18:57 Bow Saw
18:49 Heavy Plow
20:23 Iron Casting
20:59 Wheelbarrow
21:49 Bodkin Arrow
22:50 Pikeman
24:17 Elite Skirmisher
25:51 Squires
29:20 Hand Cart
29:10 Padded Archer Armor
29:26 Chain Mail Armor
30:50 Thumb Ring
33:17 Leather Archer Armor
36:39 Imperial Age
40:29 Blast Furnace
40:00 Plate Mail Armor
Connection lost

Rejoining the realm…

Still unreachable

The connection could not be restored.

Session expired

The server has moved on; the page needs a fresh start.